 Dungeon Crawl Stone Soup version bcrawl-1.28.5 (webtiles) character file.

Game seed: 16083738667154753941

253402 Anonimiaus the Sneak (level 8, 0/60 HPs)
             Began as a Gnoll Archaeologist on Jan 25, 2021.
             Was an Initiate of Nemelex Xobeh.
             Slain by a bullfrog (1 damage)
             ... on level 5 of the Dungeon.
             The game lasted 00:13:22 (4533 turns).

Anonimiaus the Sneak (Gnoll Archaeologist)          Turns: 4533, Time: 00:13:23

Health: 0/60       AC:  4    Str: 16    XL:     8   Next: 47%
Magic:  12/12      EV: 13    Int: 16    God:    Nemelex Xobeh [......]
Gold:   367        SH:  0    Dex: 14    Spells: 13/13 levels left

rFire    + + +     SeeInvis .   h - +6 quarterstaff of Xian {venom, *Noise rElec rF+++ rN++}
rCold    . . .     Gourm    .   (shield currently unavailable)
rNeg     + + .     Faith    .   q - +0 scale mail
rPois    .         Spirit   .   s - +1 helmet
rElec    +         Reflect  .   y - +0 cloak
rCorr    .         Harm     .   (no gloves)
MR       .....                  i - +1 pair of boots
Stlth    ++........             n - amulet of magic regeneration (curse)
HPRegen  0.20/turn              (no ring)
MPRegen  0.38/turn              (no ring)

@: corroded
A: distributed training, fangs 1, strong nose
a: Draw Escape, Draw Destruction, Draw Summoning, Renounce Religion


You were on level 5 of the Dungeon.
You worshipped Nemelex Xobeh.
Nemelex Xobeh was noncommittal.
You were hungry.

You visited 1 branch of the dungeon, and saw 5 of its levels.

You collected 367 gold pieces.

Inventory:

Hand Weapons
 b - a +0 blowgun
 h - the +6 quarterstaff of Xian (weapon) {venom, *Noise rElec rF+++ rN++}
   (You acquired it on level 3 of the Dungeon)

   It poisons the flesh of those it strikes.
   It renders you almost immune to fire.
   It insulates you from electricity.
   It greatly protects you from negative energy.
   It may make noises in combat.
Missiles
 f - 6 curare-tipped needles
 u - 980 stones (quivered)
 z - 137 poisoned needles
 B - 27 needles of confusion
Armour
 c - a +1 robe
 d - a +1 hat
 i - a +1 pair of boots (worn)
 q - a +0 scale mail (worn)
 s - a +1 helmet (worn)
 y - a +0 cloak (worn)
Jewellery
 n - a cursed amulet of magic regeneration (around neck)
 w - the ring "Haskovoag" {Ice rElec Int-5 Dex+5 Slay-4}
   (You found it on level 1 of the Dungeon)

   [ring of ice]

   It enhances your ice magic.
   It affects your intelligence (-5).
   It affects your dexterity (+5).
   It affects your accuracy and damage with ranged weapons and melee attacks
   (-4).
   It makes you vulnerable to fire.
   It protects you from cold.
   It insulates you from electricity.
Wands
 t - a wand of polymorph (7)
Scrolls
 g - 2 scrolls of magic mapping
 l - 4 scrolls of teleportation
 m - a scroll of enchant weapon
 o - a scroll of remove curse
 p - a scroll of fear {unknown}
 r - a scroll of blinking {unknown}
 H - 3 scrolls of fog
Potions
 a - a potion of flight
 j - a potion of berserk rage
 k - 3 potions of curing
 A - 2 potions of haste
 C - 2 potions of brilliance
 E - a potion of agility
 F - a potion of cancellation
 G - a potion of might {unknown}
Comestibles
 e - 11 rations {!d}


   Skills:
 + Level 4.2 Fighting
 + Level 3.2 Short Blades
 + Level 3.2 Long Blades
 + Level 3.2 Axes
 + Level 4.2 Maces & Flails
 + Level 3.2 Polearms
 + Level 3.2 Staves
 + Level 3.2 Slings
 + Level 3.2 Bows
 + Level 3.2 Crossbows
 + Level 3.2 Throwing
 + Level 3.2 Armour
 + Level 7.3 Dodging
 + Level 7.3 Stealth
 + Level 3.2 Shields
 + Level 3.2 Unarmed Combat
 + Level 3.2 Spellcasting
 + Level 2.6 Conjurations
 + Level 2.6 Hexes
 + Level 2.6 Charms
 + Level 2.6 Summonings
 + Level 2.6 Necromancy
 + Level 2.6 Translocations
 + Level 2.6 Transmutations
 + Level 2.6 Fire Magic
 + Level 2.6 Ice Magic
 + Level 2.6 Air Magic
 + Level 2.6 Earth Magic
 + Level 2.6 Poison Magic
 + Level 3.5 Invocations
 + Level 3.2 Evocations


You had 13 spell levels left.
You didn't know any spells.
Your spell library was empty.

Dungeon Overview and Level Annotations

Branches:
Dungeon (5/12)             Temple (0/1) D:5

Altars:
Dithmenos
Nemelex Xobeh
Okawaru
Qazlal
Vehumet
Yredelemnul
The Shining One


Innate Abilities, Weirdness & Mutations

Your experience applies equally to all skills.
You have very sharp teeth.
Your uncanny sense of smell can sniff out nearby items.


Message History

The jelly is severely wounded.
The bullfrog hits you! The jelly hits you but does no damage.
The bullfrog hits you.
You hit the bullfrog.
The bullfrog is poisoned.
The bullfrog is lightly wounded.
The bullfrog hits you but does no damage.
The jelly hits you.
You are splashed with acid!
* * * LOW HITPOINT WARNING * * *
The bullfrog misses you.
A jackal comes into view.
The bullfrog completely misses you.
You closely miss the bullfrog.
The bullfrog is moderately wounded.
The bullfrog hits you!
* * * LOW HITPOINT WARNING * * *
The bullfrog hits you!
* * * LOW HITPOINT WARNING * * *
The bullfrog hits you.
You die...
Your body disappears without a glow.

∆ ...#.!# .+∆ ∆#...
#..#..#..#∆∆∆#..#
∆∆∆#..#..#..#∆ ∆#..#
#####..#..#..######..
#...5.h#..#......###.
#5..J..#..#......#...
#.J#####..#####§.#...
#..F...#..#......#...
#...@..#..#...(. #...
#####..#..#..#####...
#......#..#......#...
#......#..#.oo...#...
#..#####..#####..#..#
#......#..#......#..#
#......#..#..... ####
#####..#..#..####
#......#..#......


You could see a bullfrog, a jelly and a shadow imp.

Vanquished Creatures
  2 sky beasts (D:5)
  A phantom (D:5)
  2 ogres
  A bullfrog (D:5)
  A scorpion (D:5)
  A howler monkey (D:4)
  2 crimson imps (D:4)
  A centaur zombie (D:5)
  4 orc priests
  A hound (D:5)
  An orc wizard (D:4)
  2 iguanas
  Ijyb (D:5)
  3 worker ants
  4 gnolls (D:5)
  9 adders
  4 worms
  2 dart slugs
  4 leopard geckos
  12 orcs
  4 bats
  A giant cockroach (D:3)
  A goblin (D:3)
  5 hobgoblins
  7 jackals
  9 kobolds
  A quokka (D:2)
  4 frilled lizards
  2 rats (D:2)
92 creatures vanquished.

Notes
Turn   | Place    | Note
-------+----------+-------------------------------------------
     0 | D:1      | Anonimiaus the Gnoll Archaeologist began the quest for the
                  | Orb.
     0 | D:1      | Reached XP level 1. HP: 17/17 MP: 1/1
   351 | D:1      | Reached XP level 2. HP: 18/23 MP: 2/2
   620 | D:1      | Got a crude iron ring
   621 | D:1      | Identified the ring "Haskovoag" {Ice rElec Int-5 Dex+5
                  | Slay-4} (You found it on level 1 of the Dungeon)
  1142 | D:2      | Reached XP level 3. HP: 27/28 MP: 3/3
  1307 | D:2      | Reached skill level 1 in Invocations
  1940 | D:3      | Found a faded altar of an unknown god.
  1966 | D:2      | Reached skill level 1 in Short Blades
  1966 | D:2      | Reached skill level 1 in Long Blades
  1966 | D:2      | Reached skill level 1 in Axes
  1966 | D:2      | Reached skill level 1 in Polearms
  1966 | D:2      | Reached skill level 1 in Staves
  1966 | D:2      | Reached skill level 1 in Slings
  1966 | D:2      | Reached skill level 1 in Bows
  1966 | D:2      | Reached skill level 1 in Crossbows
  1966 | D:2      | Reached skill level 1 in Throwing
  1966 | D:2      | Reached skill level 1 in Armour
  1966 | D:2      | Reached skill level 1 in Shields
  1966 | D:2      | Reached skill level 1 in Unarmed Combat
  1966 | D:2      | Reached skill level 1 in Spellcasting
  1966 | D:2      | Reached skill level 1 in Evocations
  1966 | D:2      | Reached XP level 4. HP: 10/34 MP: 5/5
  2222 | D:3      | Reached skill level 1 in Conjurations
  2222 | D:3      | Reached skill level 1 in Hexes
  2222 | D:3      | Reached skill level 1 in Charms
  2222 | D:3      | Reached skill level 1 in Summonings
  2222 | D:3      | Reached skill level 1 in Necromancy
  2222 | D:3      | Reached skill level 1 in Translocations
  2222 | D:3      | Reached skill level 1 in Transmutations
  2222 | D:3      | Reached skill level 1 in Fire Magic
  2222 | D:3      | Reached skill level 1 in Ice Magic
  2222 | D:3      | Reached skill level 1 in Air Magic
  2222 | D:3      | Reached skill level 1 in Earth Magic
  2222 | D:3      | Reached skill level 1 in Poison Magic
  2591 | D:3      | Reached XP level 5. HP: 40/40 MP: 6/6
  2591 | D:3      | Identified a scroll of acquirement
  2599 | D:3      | Identified the +6 quarterstaff of Xian {venom, *Noise rElec
                  | rF+++ rN++} (You acquired it on level 3 of the Dungeon)
  2599 | D:3      | Identified the amulet "Diybb" {Regen -Tele rF++ rN+++
                  | Dex-3} (You acquired it on level 3 of the Dungeon)
  2599 | D:3      | Identified the Grimoire of Calling and Beguiling (You
                  | acquired it on level 3 of the Dungeon)
  2743 | D:4      | Noticed an ogre
  2771 | D:4      | Killed an ogre
  2772 | D:4      | Reached XP level 6. HP: 37/47 MP: 8/8
  2937 | D:4      | Reached XP level 7. HP: 49/52 MP: 10/10
  3303 | D:4      | Found a sparkling altar of Nemelex Xobeh.
  3304 | D:4      | Found a shadowy altar of Dithmenos.
  3305 | D:4      | Found a basalt altar of Yredelemnul.
  3305 | D:4      | Found a radiant altar of Vehumet.
  3308 | D:4      | Found a glowing golden altar of the Shining One.
  3310 | D:4      | Found a stormy altar of Qazlal.
  3618 | D:4      | Became a worshipper of Nemelex Xobeh the Trickster
  3678 | D:5      | Entered Level 5 of the Dungeon
  3678 | D:5      | Found a staircase to the Ecumenical Temple.
  3678 | D:5      | Noticed Ijyb
  3684 | D:5      | Killed Ijyb
  4006 | D:5      | Found an iron altar of Okawaru.
  4076 | D:5      | Found an iron altar of Okawaru.
  4099 | D:5      | Reached XP level 8. HP: 52/60 MP: 12/12
  4156 | D:5      | Received a gift from Nemelex Xobeh
  4532 | D:5      | HP: 1/60 [bullfrog (7)]
  4533 | D:5      | Slain by a bullfrog

Skill      XL: |  1  2  3  4  5  6  7  8 |
---------------+-------------------------+-----
Invocations    | 1 2 3 |  3.5
Short Blades   | 1 2 3 |  3.2
Long Blades    | 1 2 3 |  3.2
Axes           | 1 2 3 |  3.2
Polearms       | 1 2 3 |  3.2
Staves         | 1 2 3 |  3.2
Slings         | 1 2 3 |  3.2
Bows           | 1 2 3 |  3.2
Crossbows      | 1 2 3 |  3.2
Throwing       | 1 2 3 |  3.2
Armour         | 1 2 3 |  3.2
Shields        | 1 2 3 |  3.2
Unarmed Combat | 1 2 3 |  3.2
Spellcasting   | 1 2 3 |  3.2
Evocations     | 1 2 3 |  3.2
Conjurations   | 1 2 |  2.6
Hexes          | 1 2 |  2.6
Charms         | 1 2 |  2.6
Summonings     | 1 2 |  2.6
Necromancy     | 1 2 |  2.6
Translocations | 1 2 |  2.6
Transmutations | 1 2 |  2.6
Fire Magic     | 1 2 |  2.6
Ice Magic      | 1 2 |  2.6
Air Magic      | 1 2 |  2.6
Earth Magic    | 1 2 |  2.6
Poison Magic   | 1 2 |  2.6
Fighting       | 3 4 |  4.2
Maces & Flails | 3 4 |  4.2
Dodging        | 7 |  7.3
Stealth        | 7 |  7.3

Action                   |  1- 3 |  4- 6 |  7- 9 || total
-------------------------+-------+-------+-------++-------
Melee: Whip              |   110 |   120 |       ||   230
       Bite              |    14 |     8 |     8 ||    30
       Punch             |       |     2 |       ||     2
       Quarterstaff      |       |    36 |   117 ||   153
 Fire: Hunting sling     |    39 |       |       ||    39
Throw: Stone             |     4 |    12 |       ||    16
  Use: Scroll            |     6 |     1 |     7 ||    14
       Potion            |       |     1 |       ||     1
 Stab: Sleeping          |    11 |     1 |     1 ||    13
  Eat: Chunk             |     7 |     9 |     7 ||    23
Armor: Robe              |    32 |    47 |     1 ||    80
       Scale mail        |       |       |    40 ||    40
       Skin              |       |       |     2 ||     2
Dodge: Dodged            |    83 |   150 |    92 ||   325
